 Dungeon Crawl Stone Soup version 0.28-a0-1234-g826d19b2e0 (webtiles) character file.

Game seed: 8252555793307355261

13187 Gwenloh the Frost Mage (level 11, -17/79 HPs)
             Began as a White Draconian Conjurer on Dec 23, 2021.
             Was a Believer of Sif Muna.
             Demolished by a boulder beetle (20 damage)
             ... on level 4 of the Lair of Beasts.
             The game lasted 01:10:58 (19380 turns).

Gwenloh the Frost Mage (White Draconian Conjurer)  Turns: 19380, Time: 01:10:58

Health: -17/79     AC: 10    Str: 10    XL:     11   Next: 72%
Magic:  24/24      EV: 16    Int: 23    God:    Sif Muna [**....]
Gold:   858        SH:  0    Dex: 12    Spells: 11/29 levels left

rFire   . . .      SeeInvis .   B - +8 demon trident "Rift" {distort, reach+}
rCold   + + .      Faith    .   (no shield)
rNeg    . . .      Spirit   .   (armour unavailable)
rPois   .          Reflect  .   (helmet restricted)
rElec   .          Harm     .   (no cloak)
rCorr   .          Rampage  .   f - +2 pair of gloves {Dex+3}
Will    .....                   (no boots)
Stlth   ++........              t - amulet of magic regeneration
HPRegen 0.23/turn               z - +4 ring of evasion
MPRegen 0.59/turn               v - ring of protection from cold

@: flying
A: breathe frost, AC +7, unfitting armour, cold resistance 1, cold-blooded
a: Breathe Frost, Renounce Religion, Channel Magic


You were on level 4 of the Lair of Beasts.
You worshipped Sif Muna.
Sif Muna was pleased with you.
You visited 3 branches of the dungeon, and saw 14 of its levels.
You also visited: Bailey.

You collected 858 gold pieces.

Inventory:

Hand Weapons
 j - a +3 dagger of freezing
 k - a +5 long sword
 B - the +8 demon trident "Rift" (weapon) {distort, reach+}
   (You took it off a gnoll sergeant in a bailey)

   It warps and distorts space around it, and may blink, banish, or inflict
   extra damage upon those it strikes.
   Unwielding it can cause banishment or high damage.
   It can reach especially far, and its reaching attacks ignore other creatures
   in the way.
Missiles
 A - 6 throwing nets
 C - 4 silver javelins
Armour
 f - a +2 pair of gloves of dexterity (worn)
Magical Staves
 w - a staff of fire
 N - a staff of cold
Jewellery
 a - an amulet of reflection
 g - an amulet of regeneration
 t - an amulet of magic regeneration (around neck)
 v - a ring of protection from cold (right hand)
 z - a +4 ring of evasion (left hand)
Wands
 b - a wand of digging (7)
 h - a wand of mindburst (8)
 x - a wand of polymorph (14)
 y - a wand of paralysis (9)
 K - a wand of iceblast (8)
Scrolls
 e - a scroll of holy word
 i - 2 scrolls of magic mapping
 l - 5 scrolls of immolation
 m - 3 scrolls of enchant armour
 n - a scroll of enchant weapon
 p - 2 scrolls of summoning
 q - 5 scrolls of teleportation
 E - a scroll of amnesia
 G - 2 scrolls of torment
 J - a scroll of vulnerability {unknown}
 L - a scroll of fog {unknown}
 O - a scroll of brand weapon {unknown}
Potions
 c - 2 potions of flight
 d - a potion of haste {unknown}
 o - 3 potions of berserk rage {unknown}
 r - 3 potions of mutation {unknown}
 s - 3 potions of heal wounds {unknown}
 u - 3 potions of resistance {unknown}
 D - a potion of might {unknown}
 F - 3 potions of curing
 H - a potion of cancellation {unknown}
 I - a potion of lignification {unknown}
 M - 2 potions of ambrosia {unknown}


   Skills:
 + Level 2.1 Fighting
 - Level 1.7 Dodging
 - Level 1.7 Stealth
 + Level 9.7 Spellcasting
 + Level 7.3 Conjurations
 - Level 8.4 Hexes
 + Level 13.3 Ice Magic
 + Level 2.0 Invocations


You had 11 spell levels left.
You knew the following spells:

 Your Spells              Type           Power      Damage    Failure   Level
a - Magic Dart            Conj           100%       1d8       1%          1
b - Searing Ray           Conj           90%        2d7       1%          2
c - Fulminant Prism       Conj/Hex       23%        3d13      2%          4
d - Ozocubu's Armour      Ice            64%        N/A       1%          3
e - Metabolic Englaciati  Hex/Ice        28%        N/A       1%          5
f - Dazzling Flash        Conj/Hex       94%        N/A       1%          3

Your spell library contained the following spells:

 Spells                   Type           Power      Damage    Failure   Level
 Frozen Ramparts          Ice            100%       1d12      1%          3
 Cause Fear               Hex            24%        N/A       1%          4
 Inner Flame              Hex/Fire       30%        N/A       3%          3
 Stone Arrow              Conj/Erth      56%        3d10      3%          3
 Ice Form                 Ice/Tmut       41%        N/A       3%          4
 Summon Ice Beast         Ice/Summ       41%        N/A       3%          4
 Mephitic Cloud           Conj/Pois/Air  22%        N/A       6%          3
 Call Imp                 Summ           11%        N/A       9%          2
 Iskenderun's Mystic Bla  Conj/Tloc      28%        2d7       13%         4
 Gell's Gravitas          Tloc           11%        N/A       17%         3
 Lesser Beckoning         Tloc           11%        N/A       17%         3
 Teleport Other           Tloc           11%        N/A       17%         3
 Simulacrum               Ice/Necr       20%        N/A       50%         6
 Discord                  Hex            24%        N/A       100%        8
 Lehudib's Crystal Spear  Conj/Erth      14%        10d5      100%        8
 Animate Armour           Summ/Erth      Unusable   N/A       N/A         4

Dungeon Overview and Level Annotations

Branches:
Dungeon (9/15)             Temple (1/1) D:7            Lair (4/6) D:8
 Bailey (visited)
  Swamp: Lair:2-4    Shoals: Lair:2-4     Snake: Lair:2-4    Spider: Lair:2-4
    Orc: D:9-12

Altars:
Ashenzari
Cheibriados
Dithmenos
Elyvilon
Gozag
Hepliaklqana
Kikubaaqudgha
Makhleb
Nemelex Xobeh
Qazlal
Ru
Sif Muna
Trog
Uskayaw
Wu Jian
Xom
Yredelemnul
Zin
The Shining One

Shops:
D:7 [


Innate Abilities, Weirdness & Mutations

You can breathe waves of freezing cold which knock back foes.
Your icy white scales are hard. (AC +7)
You cannot fit into any form of body armour.
Your flesh is cold resistant. (rC+)
You are cold-blooded and may be slowed by cold attacks.


Message History

Press: ? - help, Shift-Dir - straight line, f/p - boulder beetle
Aim: a boulder beetle (moderately wounded, rolling, 100% to hit)
The magic dart hits the boulder beetle but does no damage.
The boulder beetle is moderately wounded.
Your icy armour will break if you move.
Continue?
Magic restored.
You climb upwards.
Your icy armour cracks and falls away as you move.
There is a stone staircase leading down here.
You start resting.
HP restored.
You climb downwards.
The boulder beetle bites you! The boulder beetle bites you.
There is a stone staircase leading up, spattered with blood here.
You hit the boulder beetle but do no damage.
The boulder beetle closely misses you.
You puncture the boulder beetle!
Space warps around the boulder beetle.
You tail-slap the boulder beetle, but do no damage.
The boulder beetle is lightly wounded.
The boulder beetle bites you!! The boulder beetle closely misses you.
You hit the boulder beetle.
Space warps around the boulder beetle.
You tail-slap the boulder beetle, but do no damage.
The boulder beetle is moderately wounded.
The boulder beetle misses you.
You hit the boulder beetle.
Space warps around the boulder beetle.
You tail-slap the boulder beetle, but do no damage.
The boulder beetle is moderately wounded.
The boulder beetle bites you!!
You puncture the boulder beetle!
Space warps around the boulder beetle.
The boulder beetle is heavily wounded.
The boulder beetle bites you!!
* * * LOW HITPOINT WARNING * * *
It was a potion of flight.
You feel very buoyant.
You fly up into the air.
The boulder beetle barely misses you.
You hit the boulder beetle but do no damage.
Space warps horribly around the boulder beetle!
The boulder beetle is severely wounded.
The boulder beetle barely misses you. The boulder beetle bites you!!
You die...

### ##########.# .. ###
#..##..#..###
.#!.####.####.........#.
.......@B...............
........................
..#.....................
##....................
##...##..............
##..................
###........:.......
##...............
##..............


You could see a boulder beetle.

Vanquished Creatures
  A two-headed ogre (D:9)
  Pikel (D:6)
  6 cane toads
  A rime drake (Lair:2)
  5 komodo dragons
  A hornet (D:8)
  A troll (D:8)
  Grinder (D:5)
  3 blink frogs (Lair:1)
  A wyvern (D:8)
  6 yaks (Lair:1)
  Eustachio (D:5)
  A basilisk (Lair:1)
  12 water moccasins
  2 orc warriors
  4 black bears
  A hornet zombie (D:8)
  An ice beast (D:6)
  2 sky beasts
  A necrophage (D:8)
  3 centaurs
  9 wolves
  2 lemures (D:6)
  2 phantoms
  A kobold brigand (D:6)
  Blork the orc (D:6)
  11 bullfrogs
  8 gnoll sergeants (Bailey)
  A scorpion (D:5)
  4 wights (D:3)
  5 electric eels (D:8)
  4 howler monkeys
  A bullfrog zombie (D:5)
  2 jellies
  A centaur zombie (D:9)
  7 hounds
  3 orc priests
  6 gnoll shamans (Bailey)
  2 bullfrog skeletons
  A centaur skeleton (D:6)
  A scorpion zombie (D:5)
  Ijyb (D:4)
  4 iguanas
  4 orc wizards
  A killer bee zombie (D:8)
  A hound skeleton (D:5)
  19 gnolls
  6 adders
  2 howler monkey skeletons
  An ufetubus (D:5)
  2 worms
  3 dart slugs
  20 orcs
  9 ball pythons
  3 endoplasms
  A giant cockroach (D:2)
  8 goblins
  10 hobgoblins
  4 quokkas
  2 bats
  6 frilled lizards
  9 kobolds
  8 rats
  A spectral orc (D:5)
252 creatures vanquished.

Vanquished Creatures (others)
  20 fulminant prisms
  27 fungi
  28 plants
75 creatures vanquished.

Grand Total: 327 creatures vanquished

Notes
Turn   | Place    | Note
-------+----------+-------------------------------------------
     0 | D:1      | Gwenloh the Draconian Conjurer began the quest for the Orb.
     0 | D:1      | Reached XP level 1. HP: 14/14 MP: 3/3
   253 | D:1      | Reached XP level 2. HP: 18/20 MP: 0/5
   532 | D:1      | Learned a level 2 spell: Searing Ray
   686 | D:1      | Found a faded altar of an unknown god.
   738 | D:1      | Reached XP level 3. HP: 26/26 MP: 0/7
   815 | D:1      | Learned a level 3 spell: Dazzling Flash
  2048 | D:2      | Reached skill level 1 in Hexes
  2048 | D:2      | Reached XP level 4. HP: 33/33 MP: 4/8
  2590 | D:2      | Reached skill level 5 in Conjurations
  3082 | D:3      | Reached XP level 5. HP: 21/38 MP: 1/10
  3472 | D:3      | Learned a level 4 spell: Fulminant Prism
  3799 | D:3      | Reached XP level 6. HP: 45/45 MP: 5/11
  4327 | D:3      | Found a snail-covered altar of Cheibriados.
  4689 | D:4      | Noticed Ijyb
  4698 | D:4      | Killed Ijyb
  4884 | D:4      | Found a burning altar of Makhleb.
  5123 | D:4      | Found a shimmering altar of Xom.
  5491 | D:5      | Entered Level 5 of the Dungeon
  5731 | D:5      | Noticed a water moccasin
  5769 | D:5      | Killed a water moccasin
  5770 | D:5      | Your scales start taking on an icy white colour.
  5770 | D:5      | Reached XP level 7. HP: 50/50 MP: 4/13
  5770 | D:5      | Gained mutation: Your flesh is cold resistant. (rC+) [White
                  | Draconian growth]
  5905 | D:5      | Learned a level 3 spell: Ozocubu's Armour
  6000 | D:5      | Reached skill level 1 in Ice Magic
  6229 | D:5      | Noticed Grinder
  6242 | D:5      | Killed Grinder
  6243 | D:5      | Reached skill level 5 in Spellcasting
  6243 | D:5      | Reached skill level 2 in Ice Magic
  6601 | D:5      | Found a basalt altar of Yredelemnul.
  6695 | D:5      | Reached skill level 3 in Ice Magic
  6877 | D:6      | Reached XP level 8. HP: 57/57 MP: 2/16
  7364 | D:6      | Noticed Eustachio
  7371 | D:5      | Killed Eustachio
  7372 | D:5      | Reached skill level 4 in Ice Magic
  7423 | D:6      | Reached skill level 5 in Hexes
  7596 | D:6      | Reached skill level 5 in Ice Magic
  7824 | D:6      | Noticed Blork the orc
  7831 | D:6      | Killed Blork the orc
  8183 | D:6      | Learned a level 5 spell: Metabolic Englaciation
  8250 | D:6      | Noticed Pikel
  8266 | D:6      | Killed Pikel
  8267 | D:6      | Reached skill level 6 in Ice Magic
  8267 | D:6      | Reached XP level 9. HP: 48/62 MP: 7/19
  8556 | D:7      | Reached skill level 7 in Ice Magic
  8853 | D:7      | Found a flagged portal.
  8860 | Bailey   | Entered a bailey
  9628 | Bailey   | Reached skill level 8 in Ice Magic
 10928 | D:7      | Reached skill level 9 in Ice Magic
 11081 | D:7      | Found a staircase to the Ecumenical Temple.
 11508 | D:7      | Found Vumirysa's Antique Armour Shoppe.
 11605 | Temple   | Entered the Ecumenical Temple
 11687 | Temple   | Became a worshipper of Sif Muna the Loreminder
 11893 | D:7      | Reached XP level 10. HP: 62/69 MP: 15/21
 11987 | D:8      | Found a large runed translucent door.
 11987 | D:8      | Found a large runed translucent door.
 12635 | D:8      | Reached skill level 10 in Ice Magic
 12673 | D:8      | Reached * piety under Sif Muna
 12786 | D:8      | Found a staircase to the Lair.
 13599 | D:8      | Paralysed by a hornet for 2 turns
 13689 | D:8      | Found a hide-covered altar of Uskayaw.
 13692 | D:8      | Found a sparkling altar of Nemelex Xobeh.
 13726 | Lair:1   | Entered Level 1 of the Lair of Beasts
 13771 | Lair:1   | Reached skill level 11 in Ice Magic
 14270 | Lair:1   | Noticed a cane toad
 14332 | Lair:1   | Killed a cane toad
 14465 | Lair:1   | Reached skill level 12 in Ice Magic
 14465 | Lair:1   | Reached XP level 11. HP: 35/74 MP: 5/23
 14886 | Lair:1   | Noticed a six-headed hydra
 15337 | D:9      | Noticed a two-headed ogre
 15357 | D:9      | Killed a two-headed ogre
 15381 | D:9      | Noticed a two-headed ogre
 16343 | Lair:1   | Reached ** piety under Sif Muna
 17342 | Lair:2   | Reached skill level 13 in Ice Magic
 17899 | Lair:2   | Reached skill level 1 in Fighting
 17899 | Lair:2   | Reached skill level 1 in Invocations
 18270 | Lair:2   | You fall into a shaft and drop 2 floors!
 18311 | Lair:4   | Noticed an eight-headed hydra
 18668 | Lair:4   | Noticed a boulder beetle
 19378 | Lair:4   | HP: 3/79 [boulder beetle (25)]
 19380 | Lair:4   | Demolished by a boulder beetle

Illustrated notes

Levels and vault maps discovered:
D:1:      lemuel_arrival_broad_hall, layout_basic,
          ebering_ecumenical_altar_petrified
D:2:      layout_basic, hangedman_decor_growths, serial_bayou_pond_b,
          minmay_puff
D:3:      layout_basic, marbit_many_paths, hangedman_abyss_or_decor_stabs,
          minmay_box_of_dots
D:4:      layout_basic, mainiacjoe_overflow_small_starburst, lemuel_tele_altar,
          uniq_ijyb
D:5:      minmay_spotlight, layout_rooms, yredelemnul_forgotten_temple_becter,
          uniq_grinder
D:6:      layout_cave_pools, uniq_blork_the_orc, uniq_pikel, uniq_eustachio
D:7:      layout_loops_ring, temple_fountains, enter_bailey_2, serial_shops,
          kennysheep_mini_moat, minivault_5
D:8:      layout_basic, jmf_multi_god_temple2, erik_lair_island,
          minmay_misc_feat_encased
D:9:      layout_basic, vehumet_statue, nicolae_overflow_crystal_walls,
          orc_david_3, ebering_ghost_gozag, nicolae_elevator_lobby_asterisk
Temple:   dshaligram_water_room_temple
Lair:1:   layout_regular_city, fungi_pond_lemuel
Lair:2:   layout_loops_ring, beast_lair_carwin_10
Lair:3:   layout_cave_pods, minmay_shoals_entry_lonely_mermaid,
          dummy_spider_entry
Lair:4:   layout_cave_pods, st_stairs_11

Skill      XL: |  1  2  3  4  5  6  7  8  9 10 11 |
---------------+----------------------------------+-----
Spellcasting   | 3 4 5 6 7 8 9 |  9.7
Hexes          | 1 2 3 4 6 8 |  8.4
Conjurations   | 5 6 7 |  7.3
Ice Magic      | 3 6 9 12 13 | 13.3
Fighting       | 2 |  2.1
Invocations    | 2 |  2.0
Dodging        | |  1.7
Stealth        | |  1.7

Action                   |  1- 3 |  4- 6 |  7- 9 | 10-12 || total
-------------------------+-------+-------+-------+-------++-------
Melee: Unarmed           |    14 |       |       |       ||    14
       Dagger            |    22 |     7 |       |       ||    29
       Tailslap          |     3 |     2 |     6 |    10 ||    21
       Long sword        |       |     6 |    43 |       ||    49
       Demon trident     |       |       |    15 |   119 ||   134
 Cast: Magic Dart        |    65 |    61 |   116 |    85 ||   327
       Searing Ray       |     6 |    26 |    64 |    62 ||   158
       Fulminant Prism   |       |     1 |     8 |    11 ||    20
       Ozocubu's Armour  |       |       |     6 |    24 ||    30
Invok: Channel Magic     |       |       |       |     1 ||     1
 Abil: Breathe Frost     |       |       |     8 |    22 ||    30
Evoke: Wand              |       |       |       |     1 ||     1
  Use: Scroll            |       |     6 |     2 |     8 ||    16
       Potion            |       |       |       |     1 ||     1
 Stab: Sleeping          |       |     1 |       |       ||     1
Armor: Skin              |     7 |    10 |    55 |   121 ||   193
Dodge: Dodged            |    25 |    16 |    99 |   154 ||   294
Block: Other             |       |     1 |    32 |    26 ||    59
       Reflection        |       |       |       |     1 ||     1

Table legend: (Time is in decaauts)
 A = Elapsed time spent in this place.
 B = Non-inter-level travel time spent in this place.
 C = Inter-level travel time spent in this place.
 D = Time resting spent in this place.
 E = Time spent auto-exploring this place.
 F = Levels seen in this place.
 G = Mean time per level.
                   A        B        C        D        E       F      G
               +--------+--------+--------+--------+--------+-----+--------+
         Total |  19473 |  18517 |    956 |   6506 |   8397 |  15 | 1298.2 |
       Dungeon |  13264 |  12353 |    911 |   3782 |   6919 |   9 | 1473.8 |
        Temple |     91 |     83 |      8 |      0 |     60 |   1 |   91.0 |
          Lair |   4419 |   4384 |     35 |   1770 |   1218 |   4 | 1104.8 |
        Bailey |   1697 |   1697 |      0 |    954 |    200 |   1 | 1697.0 |
               +--------+--------+--------+--------+--------+-----+--------+

Top non-repeatable levels by time:
     D:7: 2395 daAuts
  Lair:1: 1994 daAuts
     D:8: 1951 daAuts
     D:2: 1699 daAuts
  Bailey: 1697 daAuts
     D:6: 1567 daAuts
     D:5: 1541 daAuts
     D:1: 1522 daAuts
     D:3: 1443 daAuts
  Lair:2: 1304 daAuts
     D:4: 1014 daAuts
  Lair:4: 723 daAuts
  Lair:3: 396 daAuts
     D:9: 129 daAuts
  Temple: 91 daAuts
